 Dungeon Crawl Stone Soup version 0.18-a0-1121-gb454403 (webtiles) character file.

7767 ater218 the Spear-Bearer (level 11, 0/97 HPs)
             Began as a Minotaur Berserker on Jan 18, 2016.
             Was a High Priest of Trog.
             Succumbed to an orange demon's poison
             ... on level 11 of the Dungeon.
             The game lasted 00:36:07 (9076 turns).

ater218 the Spear-Bearer (Minotaur Berserker)       Turns: 9076, Time: 00:36:07

Health: 0/97       AC: -14   Str: 25    XL:     11   Next: 1%
Magic:  10/10      EV: 10    Int:  4    God:    Trog [*****.]
Gold:   525        SH:  3    Dex: 10    Spells: 0 memorised, 10 levels left

rFire  . . .     SeeInvis .     r - +0 glaive
rCold  . . .     Gourm    .     f - +1 plate armour
rNeg   . . .     Faith    .     (shield currently unavailable)
rPois  .         Spirit   .     (helmet restricted)
rElec  .         Dismiss  .     a - +0 cloak
rCorr  .         Reflect  +     (no gloves)
SustAt .         Harm     .     (no boots)
MR     +++..                    C - +3 amulet of reflection
Stlth  ..........               (no ring)
                                (no ring)

@: lethally poisoned (0 -> -23), exhausted, corroded equipment, regenerating,
slowed, very slow, extremely resistant to hostile enchantments, extremely
unstealthy
A: retaliatory headbutt, horns 2, magic resistance 1
a: Berserk, Trog's Hand, Brothers in Arms, Burn Spellbooks, Renounce Religion


You were on level 11 of the Dungeon.
You worshipped Trog.
Trog was extremely pleased with you.
You were very hungry.

You visited 1 branch of the dungeon, and saw 11 of its levels.

You collected 525 gold pieces.

Inventory:

Hand Weapons
 p - a +3 trident
 r - a +0 glaive (weapon)
 x - a +0 antimagic halberd
Armour
 a - a +0 cloak (worn)
 f - a +1 plate armour (worn)
Jewellery
 v - a cursed ring of loudness {unknown}
 B - an uncursed amulet of magic regeneration {unknown}
 C - a +3 amulet of reflection (around neck)
Wands
 e - a wand of random effects (18/48)
 q - a wand of hasting (7/9)
 s - a wand of disintegration (6/24)
 w - a wand of teleportation (3/9)
 y - a wand of digging (4/24)
Scrolls
 b - a scroll of remove curse
 h - a scroll of recharging
 l - 7 scrolls of identify
 o - 3 scrolls of teleportation
 u - a scroll of fog
 D - a scroll of holy word {unknown}
Potions
 d - a potion of resistance {unknown}
 k - a potion of brilliance {unknown}
 n - a potion of agility
 t - a potion of heal wounds
 z - 2 potions of lignification
 E - a potion of haste {unknown}
Comestibles
 c - 2 bread rations
 g - 4 beef jerkies
 i - a royal jelly
 j - 3 meat rations
 m - 9 slices of pizza
 A - a chunk of flesh


   Skills:
 + Level 9.2 Fighting
 * Level 13.8 Polearms
 + Level 10.2 Armour
 * Level 6.8 Dodging


You had 10 spell levels left.
You didn't know any spells.

Dungeon Overview and Level Annotations

Branches:
Dungeon (11/15)            Temple (0/1) D:5            Lair (0/8) D:8
    Orc: D:9-12

Altars:
Ashenzari
Cheibriados
Dithmenos
Fedhas
Gozag
Kikubaaqudgha
Makhleb
Pakellas
Qazlal
Ru
Trog
Vehumet
Xom
The Shining One

Shops:
D:7 (


Innate Abilities, Weirdness & Mutations

You reflexively headbutt those who attack you in melee.
You have a pair of horns on your head.
You are resistant to hostile enchantments.


Message History

The rust devil corrodes you! The orange demon stings you from afar.
* * * LOW HITPOINT WARNING * * *
You are lethally poisoned!
The orange demon poisons you!
You feel much better.
You feel the effects of Trog's Hand fading.
You feel very sick. The rust devil hits you.
* * * LOW HITPOINT WARNING * * *
The rust devil corrodes you! The orange demon stings you from afar!
* * * LOW HITPOINT WARNING * * *
You feel very sick. The rust devil barely misses you. You furiously retaliate!
You headbutt the rust devil, but do no damage.
You feel very sick. The orange demon stings you from afar.
* * * LOW HITPOINT WARNING * * *
You are more poisoned.
The orange demon poisons you!
You die...

######## #......###
#.....)'.########
#.<....#........###
#.@....########....
#......# #####
#..4...# #....4.#
#####K## #).(#
#K### #K# ...


You could see an orange demon, a rust devil and a kobold.

Vanquished Creatures
  A hill giant (D:10)
  A manticore (D:8)
  Psyche (D:9)
  A kobold demonologist (D:11)
  A komodo dragon (D:8)
  A wraith (D:9)
  A human (D:7)
  6 yaks
  2 wyverns
  A hungry ghost (D:9)
  An orc warrior (D:10)
  2 necrophages (D:9)
  6 ogres
  2 centaurs
  The ghost of PinkishYellow the Sneak, an amateur OpAs of Dithmenos (D:3)
  3 big kobolds
  6 giant frogs
  2 elf skeletons (D:9)
  11 killer bees
  4 scorpions
  15 wights
  2 crimson imps
  6 hounds
  4 human zombies (D:9)
  A giant frog zombie (D:10)
  A jelly (D:7)
  4 orc priests
  A giant frog skeleton (D:10)
  Crazy Yiuf (D:6)
  11 orc wizards
  Jessica (D:2)
  3 iguanas
  6 worker ants
  4 sheep (D:7)
  An ogre zombie (D:9)
  A worker ant zombie (D:5)
  4 gnolls (D:6)
  9 adders
  2 shadow imps
  An ooze (D:1)
  An adder zombie (D:8)
  An adder skeleton (D:5)
  2 worms (D:2)
  7 giant geckos
  35 orcs
  4 bats
  8 giant cockroaches
  10 goblins
  3 hobgoblins
  11 jackals
  11 kobolds
  2 quokkas
  2 ball pythons
  10 giant newts
  A quokka zombie (D:7)
  13 rats
253 creatures vanquished.

Vanquished Creatures (others)
  A wasp (D:3)
  A kobold (D:11)
  A plant (D:8)
3 creatures vanquished.

Grand Total: 256 creatures vanquished

Notes
Turn   | Place    | Note
--------------------------------------------------------------
     0 | D:1      | ater218 the Minotaur Berserker began the quest for the Orb.
     0 | D:1      | Reached XP level 1. HP: 19/19 MP: 0/0
   170 | D:1      | Reached skill level 4 in Fighting
   170 | D:1      | Reached XP level 2. HP: 27/27 MP: 1/1
   423 | D:1      | Reached ** piety under Trog
   676 | D:2      | Reached XP level 3. HP: 33/33 MP: 2/2
  1119 | D:2      | Reached XP level 4. HP: 33/41 MP: 3/3
  1273 | D:2      | Found a glowing golden altar of the Shining One.
  1318 | D:2      | Noticed Jessica
  1324 | D:2      | Killed Jessica
  1324 | D:2      | Reached skill level 5 in Polearms
  1344 | D:2      | Reached *** piety under Trog
  1624 | D:3      | Noticed PinkishYellow's ghost (amateur OpAs)
  1641 | D:3      | Killed PinkishYellow's ghost
  1641 | D:3      | Reached XP level 5. HP: 47/47 MP: 4/4
  1775 | D:3      | Reached skill level 6 in Polearms
  1852 | D:3      | Found a radiant altar of Vehumet.
  1853 | D:3      | Found a burning altar of Makhleb.
  1883 | D:3      | Reached XP level 6. HP: 49/53 MP: 5/5
  2063 | D:3      | Found an oddly glowing altar of Pakellas.
  2063 | D:3      | Noticed an orange crystal statue
  2399 | D:4      | Reached skill level 7 in Polearms
  2776 | D:4      | Got a bloodstained leather armour
  2816 | D:4      | Reached **** piety under Trog
  2836 | D:4      | Reached skill level 5 in Fighting
  2845 | D:4      | Found a blossoming altar of Fedhas.
  2946 | D:4      | Found a snail-covered altar of Cheibriados.
  3091 | D:5      | Entered Level 5 of the Dungeon
  3112 | D:5      | Reached skill level 5 in Armour
  3112 | D:5      | Reached XP level 7. HP: 23/61 MP: 6/6
  3172 | D:5      | Found a staircase to the Ecumenical Temple.
  3185 | D:5      | Reached skill level 8 in Polearms
  3295 | D:5      | Identified the cursed +0 leather armour of Bairuelups {rF- rC+++ Str+4 Int+3} (You found it on level 4 of the Dungeon)
  3395 | D:5      | Found a stormy altar of Qazlal.
  3398 | D:5      | Found an opulent altar of Gozag.
  3644 | D:6      | Reached XP level 8. HP: 42/69 MP: 7/7
  4230 | D:6      | Reached skill level 9 in Polearms
  4284 | D:6      | Gained mutation: You are resistant to hostile enchantments. [potion of beneficial mutation]
  4607 | D:6      | Noticed Crazy Yiuf
  4611 | D:6      | Killed Crazy Yiuf
  5411 | D:7      | Reached skill level 10 in Polearms
  5558 | D:7      | Reached XP level 9. HP: 79/79 MP: 8/8
  5671 | D:7      | Found a shimmering altar of Xom.
  6010 | D:7      | Found Doesk's Antique Weapon Emporium.
  6173 | D:8      | Found a sacrificial altar of Ru.
  6183 | D:8      | Received a gift from Trog
  6215 | D:8      | Reached skill level 11 in Polearms
  6408 | D:8      | Reached skill level 5 in Dodging
  6456 | D:8      | Noticed a manticore
  6465 | D:8      | Killed a manticore
  6679 | D:8      | Found a shattered altar of Ashenzari.
  6719 | D:8      | Found a staircase to the Lair.
  6719 | D:8      | Noticed a komodo dragon
  6742 | D:8      | Killed a komodo dragon
  6955 | D:8      | Reached skill level 12 in Polearms
  7070 | D:8      | Reached XP level 10. HP: 58/88 MP: 9/9
  7490 | D:8      | Reached ***** piety under Trog
  7508 | D:9      | Found a bloodstained altar of Trog.
  7713 | D:9      | Found a shadowy altar of Dithmenos.
  7737 | D:9      | Noticed Psyche
  7747 | D:9      | Killed Psyche
  8258 | D:9      | Found an ancient bone altar of Kikubaaqudgha.
  8324 | D:10     | Entered Level 10 of the Dungeon
  8515 | D:10     | Reached skill level 13 in Polearms
  8580 | D:10     | Noticed a hill giant
  8587 | D:10     | Killed a hill giant
  8587 | D:10     | Reached skill level 10 in Armour
  9032 | D:11     | Noticed a rust devil
  9054 | D:11     | Reached XP level 11. HP: 97/97 MP: 10/10
  9076 | D:11     | Succumbed to an orange demon's poison

Vault maps used:
D:1:      scummos_arrival_forest
D:2:      lemuel_doored_altar, serial_glass, glass_columns_c, glass_columns_b,
          minmay_strange_pillars, uniq_jessica
D:3:      grunt_temple_overflow_lords_of_destruction,
          gammafunk_pakellas_statue_experiment, first_bread, nrook_mini_vaults
D:4:      kennysheep_mini, lemuel_crystal_altar, grunt_ministairs_6
D:5:      nicolae_gozag_cash_rules_everything_around_me,
          overflow_temple_1_default, minmay_temple_entry_crystal_x
D:6:      uniq_crazy_yiuf_cottage
D:7:      xom_butterflies, serial_shops, shop, grunt_livestock
D:8:      lemuel_crystal_altar, nicolae_ashenzari_panopticon,
          david_lair_shrubbed, kennysheep_just_a_vault
D:9:      lemuel_crystal_altar, lemuel_mausoleum_altar_kikubaaqudgha,
          grunt_dithmenos_smoke, uniq_psyche
D:11:     bh_chokoban, minmay_evil_grid

Action                   |  1- 3 |  4- 6 |  7- 9 | 10-12 || total
-------------------------+-------+-------+-------+-------++-------
Melee: Spear             |   109 |   233 |       |       ||   342
       Trident           |       |    20 |   285 |       ||   305
       Glaive            |       |       |    32 |   186 ||   218
Invok: Trog's Hand       |       |     2 |     8 |     3 ||    13
       Berserk           |       |     2 |     4 |     3 ||     9
       Burn Spellbooks   |       |       |     1 |       ||     1
  Use: Scroll            |       |       |    15 |     2 ||    17
       Potion            |       |       |     9 |     1 ||    10
  Eat: Chunk             |     1 |     2 |     7 |     4 ||    14
       Bread ration      |       |     2 |     2 |     1 ||     5
       Fruit             |       |       |     3 |       ||     3
